 Dungeon Crawl Stone Soup version 0.30-a0-1016-gfb0d676c02 (webtiles) character file.

Game seed: 3831432073501336798

16 xian the Sneak (level 2, -5/29 HPs)
             Began as a Troll Delver on Apr 7, 2023.
             Was an Initiate of Okawaru.
             Slain by a lemure (7 damage)
             ... led by Pikel
             ... on level 6 of the Dungeon.
             The game lasted 00:01:55 (380 turns).

xian the Sneak (Troll Delver)                        Turns: 380, Time: 00:01:56

Health: -5/29      AC:  4    Str: 19    XL:     2   Next: 41%
Magic:  1/1        EV:  9    Int:  6    God:    Okawaru [......]
Gold:   12         SH:  0    Dex: 11    Spells: 1/1 levels left

rFire   . . .      SeeInvis .    a - +0 mace
rCold   . . .      Faith    .    (no shield)
rNeg    . . .      Spirit   .    b - +0 robe
rPois   .          Reflect  .    (helmet restricted)
rElec   .          Rampage  .    (no cloak)
rCorr   .                        (gloves unavailable)
Will    .....                    (boots unavailable)
Stlth   ++                       (no amulet)
HPRegen 1.04/turn                (no ring)
MPRegen 0.07/turn                (no ring)

@: no status effects
A: large, unfitting armour, claws 3, regeneration 1, shaggy fur 1, tough skin 1
a: Renounce Religion


You were on level 6 of the Dungeon.
You worshipped Okawaru.
Okawaru was noncommittal.
You visited 2 branches of the dungeon, and saw 4 of its levels.

You collected 12 gold pieces.

Inventory:

Hand Weapons
 a - a +0 mace (weapon)
Armour
 b - a +0 robe (worn)
Wands
 g - a wand of digging (3)
Scrolls
 c - 2 scrolls of fog
 d - a scroll of magic mapping
 e - a scroll of fear
Potions
 f - a potion of haste
 h - 2 potions of magic {unknown}


   Skills:
 + Level 2.5 Fighting
 + Level 2.0 Maces & Flails
 + Level 1.6 Dodging
 + Level 3.0 Stealth


You had one spell level left.
You didn't know any spells.
Your spell library was empty.

Dungeon Overview and Level Annotations

Branches:
Dungeon (6/15)             Temple (1/1) D:4

Altars:
Ashenzari
Cheibriados
Dithmenos
Fedhas
Hepliaklqana
Kikubaaqudgha
Makhleb
Nemelex Xobeh
Okawaru
Sif Muna
Uskayaw
Vehumet
Xom
The Shining One

Annotations:
D:5 Pikel


Innate Abilities, Weirdness & Mutations

You are too large for most types of armour.
You have claws for hands.
Your natural rate of healing is unusually fast.
You are covered in fur. (AC +1)
You have tough skin. (AC +1)


Message History

You hit the orc.
The orc is heavily wounded.
The lemure hits you. The orc hits you with a +0 falchion.
You completely miss the orc.
The orc is heavily wounded.
The lemure misses you. The orc hits you but does no damage.
You completely miss the orc.
The orc is heavily wounded.
The lemure barely misses you. The orc hits you but does no damage.
The lemure hits you.
You closely miss the orc.
The orc is heavily wounded.
The orc barely misses you. The lemure hits you.
The orc hits you with a +0 falchion.
You hit the orc.
The orc is almost dead.
The lemure hits you. The orc hits you with a +0 falchion.
You hit the orc but do no damage.
The orc is almost dead.
The lemure hits you. The orc hits you with a +0 falchion.
* * * LOW HITPOINT WARNING * * *
The lemure misses you.
You hit the orc.
You kill the orc!
Okawaru accepts your kill. The lemure hits you but does no damage.
Your Maces & Flails skill increases to level 2!
Things that are here:
a +0 falchion; a +0 ring mail; an orc corpse You hit the lemure.
The lemure is moderately wounded.
The sentinel's mark upon you fades away.
The lemure hits you.
* * * LOW HITPOINT WARNING * * *
You hit the lemure but do no damage.
The lemure is moderately wounded.
The lemure hits you.
* * * LOW HITPOINT WARNING * * *
The lemure hits you!
You die...

# #######
....#.....##
.......<5@.#
............#
............#
......)(....#
..<.........#
............#
...........##
...........#


You could see a lemure.

Vanquished Creatures
  An adder (D:5)
  A worm (D:5)
  2 orcs
4 creatures vanquished.

Notes
Turn   | Place    | Note
-------+----------+-------------------------------------------
     0 | D:5      | xian the Troll Delver began the quest for the Orb.
     0 | D:5      | Reached XP level 1. HP: 22/22 MP: 0/0
    45 | D:5      | Found a broken altar of Ashenzari.
    47 | D:5      | Noticed an orc wizard
    70 | D:4      | Found a staircase to the Ecumenical Temple.
    76 | Temple   | Entered the Ecumenical Temple
   238 | Temple   | Became a worshipper of Warmaster Okawaru
   318 | D:5      | Reached skill level 3 in Stealth
   318 | D:5      | Reached XP level 2. HP: 21/29 MP: 1/1
   358 | D:5      | Noticed a lemure
   359 | D:5      | Noticed Pikel
   360 | D:5      | Noticed a lemure
   360 | D:5      | Noticed a lemure
   365 | D:5      | Noticed a crimson imp
   380 | D:6      | Slain by a lemure

Illustrated notes

Levels and vault maps discovered:
D:4:      layout_loops_cross, mainiacjoe_overflow_paths,
          minmay_temple_entry_from_below_a, dk_noncrumbling_4
D:5:      layout_gridville, mainiacjoe_overflow_small_starburst, serial_shops,
          nicolae_shop_stone, minmay_fire_ice_demons, uniq_pikel, uniq_menkaure
D:6:      kennysheep_spiral_hall, layout_rooms, lemuel_round_altar,
          zin_statuary, lemuel_round_altar, kennysheep_mini_moat,
          mainiacjoe_overflow_surrounded_room, lemuel_crystal_altar
Temple:   hellmonk_temple_forest_ring

Skill      XL: |  1  2 |
---------------+-------+-----
Stealth        | 3 |  3.0
Maces & Flails | 2 |  2.0
Fighting       | |  2.5
Dodging        | |  1.6

Action                     || total
---------------------------++-------
  Melee: Mace              ||    28
 Armour: Robe              ||     8
  Dodge: Dodged            ||    13

Table legend: (Time is in decaauts)
 A = Elapsed time spent in this place.
 B = Non-inter-level travel time spent in this place.
 C = Inter-level travel time spent in this place.
 D = Time resting spent in this place.
 E = Time spent auto-exploring this place.
 F = Levels seen in this place.
 G = Mean time per level.
                   A        B        C        D        E       F      G
               +--------+--------+--------+--------+--------+-----+--------+
         Total |    388 |    372 |     16 |      9 |    144 |   4 |   97.0 |
       Dungeon |    208 |    208 |      0 |      9 |      8 |   3 |   69.3 |
        Temple |    179 |    163 |     16 |      0 |    136 |   1 |  179.0 |
               +--------+--------+--------+--------+--------+-----+--------+

Top non-repeatable levels by time:
  Temple: 179 daAuts
     D:5: 176 daAuts
     D:4: 19 daAuts
     D:6: 13 daAuts
